AoeStats
← dlvm

MegaRandom

507678520Analyzed
2v2 RM · 14d ago on Sep 19, 2026· 66m 47s· 4 players
Game mode
Random Map
Map size
Medium (4 player)
Population
200
Speed
Normal
Resources
Standard
Victory
Conquest
Starting age
Dark Age
Ending age
Imperial Age
RankedLock teamsTeams togetherTeam positionsShared explorationLock speedFull tech treeHidden civsTurbo modeCheats
Victory
Defeat
🇫🇷 Mongols · France
1143
+9
🇳🇱 Portuguese · Netherlands
1076
+12
🇹🇼 Ethiopians · Taiwan
987
-11
🇨🇱 Spanish · Chile
984
-10
Serier
3:33 Loom
12:16 Feudal Age
12:51 Double-Bit Axe
20:41 Wheelbarrow
22:06 Castle Age
23:38 Horse Collar
25:28 Gold Mining
30:51 Bow Saw
33:57 Padded Archer Armor
36:28 Imperial Age
34:02 Husbandry
35:03 Bloodlines
35:10 Leather Archer Armor
35:00 Scale Barding Armor
35:14 Fletching
36:20 Hand Cart
41:16 Murder Holes
41:44 Cavalier
44:29 Two-Man Saw
45:08 Ring Archer Armor
44:49 Forging
44:16 Demolition Ship
46:08 Chemistry
48:59 Block Printing
56:34 Illumination
57:19 Redemption
67:24 Sanctity
Jason
8:47 Loom
10:56 Feudal Age
12:50 Wheelbarrow
12:33 Double-Bit Axe
15:09 Horse Collar
22:33 Castle Age
20:55 Town Watch
24:21 Hand Cart
28:57 Imperial Age
26:56 Stone Mining
26:57 Gold Mining
27:15 Scale Mail Armor
27:26 Forging
27:37 Bow Saw
28:35 Chain Mail Armor
30:10 Gold Shaft Mining
30:11 Stone Shaft Mining
31:18 Two-Man Saw
33:19 Heavy Plow
35:07 Plate Mail Armor
35:13 Iron Casting
36:25 Elite Shotel Warrior
37:27 Conscription
38:14 Blast Furnace
37:52 Royal Heirs
39:18 Chemistry
39:52 Fletching
65:36 Light Cavalry
66:17 Husbandry
[SAPR] Janstonbeats
3:31 Loom
11:05 Feudal Age
11:31 Double-Bit Axe
13:10 Horse Collar
23:13 Castle Age
26:21 Bloodlines
26:19 Scale Barding Armor
26:26 Forging
26:47 Bow Saw
28:26 Medium Warships
29:58 Fletching
29:47 Elite Skirmisher
31:25 Bodkin Arrow
36:16 Wheelbarrow
37:12 Padded Archer Armor
37:28 Husbandry
41:14 Imperial Age
39:26 Ballistics
39:31 Chain Barding Armor
39:27 Leather Archer Armor
43:14 Elite Mangudai
45:20 Conscription
46:29 Thumb Ring
45:45 Heavy Cavalry Archer
47:03 Parthian Tactics
47:29 Coinage
47:03 Caravan
51:56 Nomads
63:03 Cavalier
65:54 Iron Casting
67:29 Blast Furnace
dlvm
5:56 Loom
13:22 Feudal Age
14:03 Fishing Lines
14:17 Double-Bit Axe
14:26 Gold Mining
24:46 Castle Age
26:23 Gillnets
27:38 Circumnavigation
27:35 Fletching
31:19 Imperial Age
29:12 Heated Shot
29:43 Ballistics
29:54 Medium Warships
32:03 Siphons
34:08 Chemistry
33:50 Guard Tower
33:57 Murder Holes
34:13 Masonry
34:16 Careening
34:45 Clinker Construction
34:48 Fortified Wall
34:36 Stone Mining
35:01 Bow Saw
40:21 Conscription
40:02 Arquebus
41:50 Architecture
41:42 Dry Dock
41:28 Siege Engineers
42:00 Keep
41:37 Treadmill Crane
42:01 Elite Cannon Galleon
43:05 Bodkin Arrow
43:21 Forging
43:13 Scale Mail Armor
44:37 Carvel Hull
44:00 Pikeman
44:27 Gambesons
44:53 Halberdier
47:26 Chain Mail Armor
47:46 Iron Casting
47:56 Elite Organ Gun
52:01 Arson
55:33 Blast Furnace
55:43 Two-Man Saw
54:10 Man-at-Arms
56:13 Plate Mail Armor
56:43 Bombard Tower
Connection lost

Rejoining the realm…

Still unreachable

The connection could not be restored.

Session expired

The server has moved on; the page needs a fresh start.